Map: Rhoskallian LE

Players

Kaizy

  • Race: Protoss Protoss
  • Spawn Location: 12:00

Zorteil

  • Race: Terran Terran
  • Spawn Location: 11:00

Massa - Winner!

  • Race: Terran Terran
  • League: Gold
  • Spawn Location: 5:00

qqq - Winner!

  • Race: Zerg Zerg
  • League: Platinum
  • Spawn Location: 6:00

VOD

Have the link to the VOD?

Description

Time

  • Played on: May 22, 2020, 1:13 p.m.
  • Length: 16:21
Show
View Real Time Build Order
Export as new Build Order

Kaizy Protoss 

Build Orders:  

Get SALT Encoding   

  12  0:02  Probe  
  13  0:14  Probe  
  14  0:20  Pylon  
  14  0:26  Probe  
  15  0:38  Probe (Chrono Boost)  
  15  0:41  Gateway  
  17  0:50  Probe (Chrono Boost)  
  17  0:55  Probe (Chrono Boost)  
  18  0:58  Assimilator  
  18  1:02  Assimilator  
  18  1:04  Probe  
  19  1:16  Probe  
  20  1:32  Probe, Cybernetics Core  
  21  1:33  Gateway  
  21  1:46  Probe  
  22  1:58  Probe  
  23  2:02  Warp Gate (Chrono Boost)  
  23  2:14  Gateway  
  23  2:19  Pylon  
  23  2:28  Pylon  
  23  2:37  Probe  
  24  2:45  Robotics Facility  
  24  2:49  Probe  
  25  2:54  Forge  
  25  2:55  Pylon  
  25  3:01  Probe  
  26  3:16  Nexus  
  26  3:25  Pylon  
  26  3:33  Observer (Chrono Boost)  
  27  3:43  Stalker x2  
  27  3:47  Stalker  
  33  3:58  Photon Cannon  
  33  4:01  Assimilator  
  33  4:16  Photon Cannon  
  33  4:24  Warp Prism (Chrono Boost)  
  35  4:56  Twilight Council  
  35  4:57  Probe (Chrono Boost)  
  36  5:07  Probe (Chrono Boost)  
  37  5:11  Probe (Chrono Boost)  
  38  5:23  Probe  
  39  5:32  Stalker x3  
  46  5:35  Probe  
  44  5:54  Charge (Chrono Boost)  
  38  6:02  Robotics Bay  
  38  6:05  Zealot, Stalker  
  38  6:06  Zealot  
  44  6:14  Photon Cannon  
  44  6:19  Assimilator, Probe  
  45  6:31  Pylon, Probe  
  46  6:43  Probe  
  46  6:45  Zealot  
  46  6:46  Zealot x2  
  53  6:48  Extended Thermal Lance (Chrono Boost)  
  53  6:52  Colossus (Chrono Boost)  
  59  7:03  Pylon  
  59  7:10  Probe  
  60  7:19  Gateway  
  60  7:21  Gateway  
  60  7:22  Probe  
  61  7:25  Photon Cannon  
  61  7:27  Probe  
  62  7:30  Photon Cannon  
  62  7:40  Probe  
  63  7:49  Colossus  
  69  7:52  Probe (Chrono Boost)  
  69  7:53  Zealot  
  72  8:04  Probe (Chrono Boost)  
  73  8:07  Zealot  
  73  8:11  Probe (Chrono Boost)  
  76  8:27  Zealot x4  
  84  8:41  Probe (Chrono Boost)  
  85  8:52  Nexus  
  85  8:57  Pylon  
  85  9:17  Pylon  
  85  9:21  Pylon  
  85  9:48  Zealot  
  85  9:49  Zealot x3  
  85  9:50  Zealot  
  95  9:53  Colossus  
  71  10:24  Zealot x4  
  71  10:25  Zealot  
  75  10:29  Probe  
  75  10:30  Probe  
  77  10:42  Probe  
  70  10:51  Zealot x3  
  70  10:52  Zealot x2  
  62  11:15  Zealot x4  
  68  11:44  Colossus  
  73  11:50  Zealot  
  73  11:51  Zealot x3  
  81  12:00  Probe  
  82  12:13  Probe  
  65  12:25  Probe  
  65  12:26  Zealot x2  
  65  12:27  Zealot x2, Stalker  
  74  12:37  Probe  
  73  12:46  Colossus  
  73  12:49  Probe  
  78  12:58  Photon Cannon  
  78  13:01  Probe  
  75  13:12  Zealot x3  
  78  13:13  Probe  
  79  13:25  Probe  
  66  13:29  Zealot  
  66  13:30  Zealot  
  70  13:36  Zealot  
  70  13:37  Zealot x2, Probe  
  65  14:02  Colossus  
  56  14:05  Stalker  
  56  14:06  Zealot x2, Stalker  
  56  14:07  Zealot  
  65  14:13  Probe  
  65  14:15  Assimilator  
  66  14:19  Assimilator  
  66  14:25  Probe  
  67  14:38  Pylon  
  67  14:42  Probe  
  68  14:52  Zealot  
  68  14:54  Probe  
  71  15:04  Colossus  
Show
View Real Time Build Order
Export as new Build Order

Zorteil Terran 

Build Orders: Mech 

Get SALT Encoding   

  12  0:01  SCV  
  13  0:13  SCV  
  14  0:21  Supply Depot  
  14  0:27  SCV  
  15  0:33  Refinery  
  15  0:44  Barracks  
  15  0:46  SCV  
  16  0:59  SCV  
  17  1:13  SCV  
  18  1:21  Refinery  
  19  1:25  SCV  
  19  1:32  Reaper  
  20  1:35  Supply Depot  
  20  1:38  Orbital Command  
  20  1:58  Factory  
  20  2:04  SCV  
  21  2:17  SCV  
  21  2:19  Barracks Reactor  
  22  2:28  Barracks  
  22  2:30  SCV  
  23  2:48  SCV  
  24  2:54  Starport  
  24  2:58  Factory Tech Lab  
  24  3:00  Marine x2  
  24  3:01  Supply Depot, SCV  
  27  3:13  SCV  
  27  3:18  Siege Tank  
  31  3:22  Marine x3  
  31  3:23  Supply Depot  
  34  3:27  SCV  
  34  3:33  Engineering Bay  
  35  3:40  Marine  
  36  3:47  Medivac  
  38  3:50  Siege Tank  
  41  3:57  Marine  
  41  3:59  Supply Depot  
  42  4:03  Marine  
  42  4:05  Medivac  
  45  4:13  SCV  
  45  4:14  Barracks  
  45  4:15  Marine  
  47  4:23  Barracks Tech Lab  
  47  4:30  Siege Tank  
  50  4:33  SCV  
  50  4:36  Supply Depot  
  51  4:51  Barracks Reactor  
  51  5:04  Barracks Reactor  
  51  5:07  Factory  
  51  5:09  Marine, Command Center  
  52  5:27  Marine  
  39  5:38  Marine x2  
  41  5:44  Marine  
  41  5:45  Stimpack  
  41  5:47  Infernal Pre-Igniter  
  41  5:49  Marine x2  
  44  5:52  Factory Reactor  
  44  5:56  Marine  
  45  6:01  Marine  
  45  6:02  Marine  
  47  6:05  Bunker  
  47  6:06  Barracks  
  47  6:08  SCV  
  47  6:09  Supply Depot  
  48  6:18  Marine x2  
  48  6:19  Marine x2  
  48  6:20  SCV  
  53  6:26  Hellion  
  55  6:35  Orbital Command  
  55  6:40  SCV  
  56  6:47  Missile Turret  
  56  6:49  Widow Mine  
  56  6:51  Widow Mine  
  60  6:58  Missile Turret  
  60  7:00  Terran Infantry Weapons Level 1  
  60  7:07  Missile Turret  
  60  7:10  Missile Turret, SCV  
  60  7:11  SCV  
  62  7:19  Barracks Reactor  
  62  7:22  SCV  
  63  7:24  Combat Shield  
  63  7:32  Siege Tank  
  63  7:34  SCV  
  67  7:42  Marine x5  
  72  7:46  SCV  
  72  7:47  Hellion  
  72  7:48  Hellion  
  77  7:57  SCV  
  78  7:58  Factory  
  78  7:59  Supply Depot  
  78  8:05  Marine x6, Supply Depot  
  84  8:18  Hellion  
  86  8:21  Hellion, Siege Tank  
  91  8:27  Supply Depot  
  91  8:30  Refinery, SCV  
  92  8:37  Supply Depot  
  92  8:42  Armory, SCV  
  92  8:44  Factory Tech Lab  
  93  8:50  Hellion  
  93  8:52  Hellion  
  97  9:14  Siege Tank  
  97  9:16  Command Center, Hellion  
  102  9:19  SCV  
  103  9:43  Siege Tank  
  103  9:44  Hellion x2  
  110  9:49  Marine x4  
  110  9:50  Marine x3  
  111  10:07  Marine x3  
  111  10:13  Marine x2  
  111  10:14  Marine x2  
  90  10:25  Marine  
  89  10:31  Hellion, Siege Tank x2  
  89  10:32  Hellion  
  89  10:34  Marine x6  
  105  10:43  Marine  
  105  10:46  Liberator  
  105  10:47  Medivac  
  100  11:04  Marine x7  
  86  11:10  Siege Tank  
  95  11:22  Marine x3  
  91  11:29  Marine x4  
  91  11:31  Siege Tank  
  93  11:39  Marine  
  91  11:40  Marine  
  91  11:42  Siege Tank  
  96  11:49  Marine x3, Hellion x2  
  103  12:03  Siege Tank  
  98  12:41  Siege Tank  
  98  12:42  Siege Tank  
  98  12:43  Marine x6, Hellion x2  
  98  12:44  Marine  
  115  12:50  Planetary Fortress  
  105  13:01  Marine x2  
  99  13:12  Hellion  
  99  13:13  Marine x5, Hellion  
  99  13:18  Marine  
  99  13:19  Marine  
  86  13:47  Siege Tank x2  
  89  13:51  Marine x6  
  89  13:52  Marine  
  93  14:03  SCV  
  93  14:04  Refinery x2  
  93  14:09  Marine x6, Widow Mine  
  104  14:10  Widow Mine  
  104  14:12  SCV  
  104  14:15  Factory  
  104  14:16  SCV  
  106  14:19  Siege Tank  
  106  14:23  Terran Infantry Armor Level 1  
  109  14:24  SCV  
  109  14:25  Command Center  
  110  14:33  SCV  
  111  14:39  Refinery  
  111  14:41  Marine x4  
  111  14:42  Marine x3  
  111  14:45  SCV  
  119  14:46  Widow Mine  
  119  14:47  Thor, Widow Mine  
  129  15:09  Marine  
  129  15:10  Marine x3  
  133  15:15  Supply Depot  
  133  15:19  Marine  
  133  15:20  Marine, Thor  
Show
View Real Time Build Order
Export as new Build Order

Massa Terran - Winner!

Build Orders:  

Get SALT Encoding   

  12  0:07  SCV  
  13  0:17  Supply Depot  
  13  0:21  SCV  
  14  0:33  SCV  
  15  0:40  Barracks  
  15  0:46  SCV  
  16  0:58  SCV  
  17  1:10  SCV  
  18  1:22  SCV  
  19  1:27  Marine  
  19  1:29  Supply Depot  
  20  1:34  SCV  
  21  1:45  Marine  
  21  1:46  SCV  
  23  1:58  SCV  
  23  2:00  Command Center  
  24  2:05  Refinery  
  24  2:07  Supply Depot  
  24  2:13  Orbital Command  
  24  2:32  Marine  
  24  2:48  SCV  
  24  2:50  Marine  
  26  3:00  SCV  
  27  3:08  Marine  
  27  3:10  Barracks  
  28  3:12  SCV  
  28  3:15  Factory  
  29  3:25  Marine, SCV  
  31  3:34  Orbital Command  
  31  3:37  SCV  
  32  3:49  Bunker, SCV  
  33  3:58  Barracks Tech Lab  
  33  4:01  SCV  
  34  4:03  SCV  
  34  4:08  Factory Tech Lab  
  35  4:12  Engineering Bay  
  35  4:13  SCV  
  35  4:15  SCV  
  37  4:17  Command Center  
  37  4:20  Combat Shield  
  37  4:25  SCV  
  37  4:27  SCV  
  37  4:28  Barracks Reactor  
  37  4:29  Barracks  
  39  4:34  Refinery  
  39  4:37  SCV  
  40  4:39  SCV  
  40  4:42  Refinery  
  40  4:43  Refinery  
  41  4:49  SCV  
  42  4:59  Marine  
  42  5:09  Marine x2  
  42  5:13  Siege Tank  
  47  5:15  SCV x2  
  47  5:17  Marine  
  47  5:18  Missile Turret  
  50  5:27  Marine x2, SCV  
  53  5:34  Marine  
  53  5:44  Marine  
  53  5:45  Marine  
  55  5:52  Marine  
  56  6:02  Marine  
  56  6:03  Marine  
  58  6:05  Siege Tank  
  58  6:11  Marauder  
  63  6:13  Barracks Reactor  
  63  6:14  Terran Infantry Weapons Level 1  
  63  6:18  Engineering Bay  
  63  6:20  Marine x2  
  63  6:24  Starport  
  65  6:31  SCV x3  
  68  6:38  Marine  
  69  6:41  Supply Depot  
  69  6:46  Missile Turret  
  69  6:53  Missile Turret  
  69  7:03  Marauder, SCV x3  
  69  7:04  Supply Depot  
  69  7:06  Marine  
  69  7:08  Missile Turret  
  75  7:15  SCV x2  
  77  7:26  Marauder, SCV  
  77  7:27  Supply Depot, SCV x2  
  82  7:30  Missile Turret  
  82  7:34  Missile Turret  
  82  7:38  SCV  
  82  7:39  SCV x2  
  85  7:45  Starport Reactor, Starport  
  85  7:49  Marauder  
  85  7:50  Supply Depot  
  87  7:52  Missile Turret  
  87  7:55  Missile Turret, Supply Depot  
  87  7:57  Planetary Fortress  
  87  7:59  SCV  
  87  8:00  SCV  
  89  8:08  Missile Turret  
  89  8:11  Missile Turret  
  89  8:12  Terran Infantry Armor Level 1, SCV x2  
  91  8:17  Supply Depot  
  91  8:18  Missile Turret  
  91  8:19  Engineering Bay  
  91  8:25  Armory  
  91  8:26  Marine x3, Marauder  
  91  8:27  Marine  
  96  8:30  Missile Turret  
  96  8:31  Starport Tech Lab  
  96  8:33  Medivac x2  
  101  8:40  Stimpack  
  101  8:45  Armory  
  101  8:48  Marauder  
  103  8:51  Missile Turret  
  103  8:53  Cloaking Field  
  103  8:56  Banshee  
  106  9:03  Liberator, Refinery  
  106  9:09  Marauder  
  111  9:13  Missile Turret  
  111  9:24  Command Center  
  111  9:32  Sensor Tower  
  111  9:50  Barracks  
  111  9:54  Refinery  
  111  9:59  SCV x2  
  113  10:02  SCV  
  114  10:09  Sensor Tower  
  114  10:11  SCV x2  
  94  10:14  SCV  
  94  10:18  Marine x3, Marauder  
  94  10:19  Marine  
  86  10:23  SCV x2  
  76  10:36  Marine x4  
  76  10:39  Marauder  
  76  10:42  Sensor Tower  
  77  10:43  Thor  
  81  10:52  Barracks  
  81  10:54  Marine x4  
  75  10:57  Medivac x2  
  75  11:01  Marauder  
  75  11:02  Factory  
  81  11:11  Sensor Tower  
  81  11:12  Marine x3  
  84  11:18  Marine  
  84  11:22  Marauder  
  85  11:25  Thor  
  85  11:27  Planetary Fortress  
  85  11:29  Marine, SCV  
  85  11:30  SCV x2  
  89  11:42  SCV x3  
  89  11:44  Marauder  
  94  11:50  Command Center  
  94  11:53  Factory Tech Lab  
  94  11:54  SCV x3  
  97  11:55  Barracks Reactor  
  96  12:05  Marauder  
  96  12:06  SCV  
  90  12:08  Thor  
  90  12:13  Terran Infantry Weapons Level 2  
  90  12:14  Terran Infantry Armor Level 2  
  90  12:15  Marine x4  
  87  12:20  Thor  
  92  12:25  SCV x3  
  92  12:26  Marauder  
  96  12:33  Marine x4  
  93  12:45  Barracks  
  93  12:48  Marauder  
  93  12:50  Terran Vehicle Weapons Level 1  
  93  12:51  Marine x4, Thor  
  96  12:52  Marine x2  
  106  13:02  Thor  
  112  13:08  Marine  
  112  13:09  Marine x3, Marauder  
  112  13:10  Marine x2  
  112  13:12  Medivac x2  
  124  13:17  Planetary Fortress  
  124  13:26  Marine x3  
  124  13:27  Marine  
  126  13:28  Marine x2  
  126  13:30  Marauder  
  113  13:34  Thor  
  110  13:44  Marine x4  
  110  13:46  Marine x2  
  111  13:52  Marauder  
  113  13:59  Sensor Tower  
  113  14:02  Marine x4  
  116  14:03  Marine  
  116  14:04  Marine  
  116  14:08  Barracks  
  119  14:13  Barracks Reactor, Marauder  
  121  14:20  Marine x4  
  121  14:21  Marine x2  
  127  14:29  Barracks Reactor  
  127  14:35  Marauder  
  127  14:37  Marine  
  127  14:38  Marine x2  
  132  15:06  Supply Depot  
  132  15:09  Barracks Reactor  
  132  15:27  Marine x6  
  132  15:28  Marauder  
  140  15:29  Supply Depot  
  140  15:51  Marine x6, Marauder  
  140  15:52  Supply Depot  
  140  16:16  Supply Depot  
Show
View Real Time Build Order
Export as new Build Order

qqq Zerg - Winner!

Build Orders: Hatch First 

Get SALT Encoding   

  12  0:01  Drone  
  13  0:08  Drone  
  14  0:37  Hatchery  
  13  0:54  Spawning Pool  
  12  1:01  Overlord  
  12  1:06  Drone  
  12  1:10  Drone  
  14  1:19  Drone, Extractor  
  14  1:31  Drone  
  15  1:47  Queen  
  15  1:49  Queen  
  15  1:52  Drone  
  20  1:54  Drone  
  20  1:58  Drone  
  22  2:08  Overlord  
  22  2:11  Drone  
  23  2:20  Drone  
  23  2:21  Drone  
  23  2:22  Drone  
  26  2:25  Drone  
  27  2:39  Zergling x2  
  27  2:40  Zergling x2  
  27  2:41  Metabolic Boost  
  29  2:47  Drone x2  
  31  2:52  Drone  
  31  2:53  Extractor  
  31  2:57  Evolution Chamber  
  30  2:58  Drone  
  30  3:01  Drone  
  32  3:14  Drone  
  32  3:16  Overlord  
  34  3:20  Drone x3  
  34  3:25  Zerg Melee Weapons Level 1  
  36  3:28  Overlord  
  36  3:29  Overlord  
  36  3:37  Evolution Chamber, Drone x2  
  36  3:41  Zergling x2  
  38  3:44  Zergling x2  
  39  3:50  Zergling x4  
  39  3:51  Zergling x2  
  39  3:54  Drone  
  44  3:55  Zergling x2  
  44  3:56  Drone  
  45  4:03  Zerg Ground Armor Level 1  
  45  4:07  Drone  
  45  4:08  Drone  
  47  4:13  Lair  
  47  4:15  Zergling x2  
  48  4:17  Zergling x2  
  48  4:19  Zergling x2  
  48  4:20  Drone  
  48  4:23  Drone  
  52  4:24  Drone  
  53  4:31  Drone  
  53  4:36  Drone x2  
  53  4:38  Roach Warren, Overlord  
  55  4:41  Zergling x2  
  56  5:00  Zergling x8  
  56  5:01  Drone, Zergling x2  
  56  5:02  Zergling x8  
  66  5:13  Spore Crawler x2  
  64  5:14  Spore Crawler  
  64  5:18  Roach  
  57  5:33  Zerg Melee Weapons Level 2  
  57  5:38  Spore Crawler  
  57  5:42  Spore Crawler  
  55  5:43  Drone x2  
  55  5:44  Spore Crawler, Drone x3  
  55  5:46  Drone x2, Zergling x8  
  55  5:48  Spore Crawler  
  64  6:01  Glial Reconstitution  
  64  6:03  Zerg Ground Armor Level 2  
  64  6:04  Infestation Pit  
  64  6:05  Roach  
  64  6:06  Roach  
  67  6:20  Spore Crawler  
  67  6:21  Drone  
  67  6:23  Overlord x2  
  67  6:26  Overlord  
  67  6:31  Hatchery  
  66  6:36  Zergling x2  
  66  6:37  Overlord  
  67  6:46  Queen  
  69  6:57  Hatchery  
  69  7:00  Roach, Zergling x2  
  71  7:07  Hive  
  71  7:23  Roach  
  71  7:24  Roach x2  
  71  7:25  Roach x2  
  81  7:45  Drone  
  81  7:47  Queen  
  84  7:58  Roach, Zergling x4  
  86  7:59  Roach x2  
  86  8:01  Zerg Missile Weapons Level 1  
  92  8:09  Roach  
  92  8:10  Roach, Zergling x2  
  92  8:11  Hydralisk Den  
  96  8:16  Extractor  
  96  8:17  Drone x4, Extractor  
  98  8:22  Drone  
  98  8:23  Drone x4  
  98  8:24  Queen  
  105  8:39  Zergling x4  
  105  8:40  Zergling x6  
  110  8:50  Ultralisk Cavern  
  110  8:52  Drone x2  
  110  8:54  Overlord x6  
  110  8:55  Overlord x2  
  111  8:59  Grooved Spines  
  111  9:10  Pneumatized Carapace  
  111  9:14  Drone x3  
  111  9:15  Drone x5  
  119  9:17  Adrenal Glands  
  119  9:21  Spore Crawler  
  119  9:23  Spore Crawler  
  112  9:46  Spine Crawler x2, Drone x3  
  112  9:47  Drone x2  
  112  9:49  Spine Crawler  
  112  9:52  Spine Crawler  
  120  10:07  Ultralisk x2  
  120  10:08  Zergling x14  
  84  10:22  Ultralisk  
  88  10:29  Zergling x6  
  88  10:30  Zergling x6  
  88  10:31  Zergling x6  
  88  10:32  Zergling x4  
  97  10:36  Anabolic Synthesis  
  97  10:46  Ultralisk  
  97  10:47  Zergling x4  
  86  11:09  Drone x5  
  86  11:11  Zergling x4  
  93  11:12  Ultralisk  
  86  11:27  Ultralisk, Zergling x8  
  86  11:29  Drone x3  
  86  11:32  Extractor  
  92  11:33  Extractor  
  91  11:40  Zergling x4  
  86  11:53  Ultralisk, Zergling x2  
  91  11:55  Drone  
  91  11:56  Drone x2  
  94  12:03  Zerg Melee Weapons Level 3  
  89  12:21  Ultralisk  
  89  12:22  Zergling x12  
  92  12:31  Drone x3  
  92  12:33  Ultralisk  
  101  12:39  Chitinous Plating  
  101  12:45  Ultralisk  
  94  13:08  Ultralisk  
  94  13:09  Zergling x12  
  94  13:10  Zergling x10  
  99  13:26  Ultralisk  
  104  13:34  Hatchery  
  101  13:47  Ultralisk x2, Zergling x2  
  101  13:48  Zergling x2  
  108  14:15  Hatchery  
  107  14:21  Ultralisk  
  113  14:32  Ultralisk  
  119  14:47  Ultralisk  
  119  14:49  Drone  
  126  14:59  Ultralisk  
  132  15:00  Zergling x2  
  132  15:01  Zergling x2  
  132  15:03  Drone  
  126  15:21  Ultralisk  
  126  15:22  Zergling x4  
Tags
 
Add a new tag
Caveats
  • Supply blocks, unpowered buildings, or Contaminate may cause inaccurate times.
  • Supply counts are checked every 10 seconds.